 Dungeon Crawl Stone Soup version 0.22-a0-419-g492bfec (webtiles) character file.

87 Mgcat the Firebug (level 4, -5/24 HPs)
             Began as a Gargoyle Fire Elementalist on May 15, 2018.
             Killed from afar by Terence (6 damage)
             ... with a wand of flame (6)
             ... on level 2 of the Dungeon.
             The game lasted 00:06:17 (2281 turns).

Mgcat the Firebug (Gargoyle Fire Elementalist)      Turns: 2281, Time: 00:06:17

Health: -5/24      AC:  9    Str: 15    XL:     4   Next: 51%
Magic:  1/8        EV: 12    Int: 17    God:
Gold:   100        SH:  0    Dex: 10    Spells: 2/8 levels left

rFire    . . .     SeeInvis .   o - +0 whip (venom)
rCold    . . .     Gourm    .   (no shield)
rNeg     + . .     Faith    .   a - +0 robe
rPois    ∞         Spirit   .   i - +0 helmet
rElec    +         Reflect  .   (no cloak)
rCorr    .         Harm     .   k - +1 pair of gloves
MR       .....                  b - +0 pair of boots
Stlth    ++........             (no amulet)
HPRegen  0.08/turn              e - +4 ring of strength
MPRegen  0.11/turn              (no ring)

@: no status effects
A: negative energy resistance 1, electricity resistance, unbreathing,
petrification resistance, rot immunity, AC +3
a: no special abilities


You were on level 2 of the Dungeon.
You were not hungry.

You visited 1 branch of the dungeon, and saw 2 of its levels.

You collected 100 gold pieces.

Inventory:

Hand Weapons
 o - a +0 whip of venom (weapon)
   (You found it on level 2 of the Dungeon)
Armour
 a - a +0 robe (worn)
 b - a +0 pair of boots (worn)
   (You found it on level 1 of the Dungeon)
 i - a +0 helmet (worn)
   (You found it on level 2 of the Dungeon)
 k - a +1 pair of gloves (worn)
   (You found it on level 2 of the Dungeon)
Jewellery
 e - a +4 ring of strength (left hand)
   (You found it on level 1 of the Dungeon)
Scrolls
 g - 3 scrolls of remove curse {unknown}
 h - 3 scrolls of identify {unknown}
 l - a scroll of magic mapping {unknown}
 n - a scroll of blinking {unknown}
Potions
 j - a potion of heal wounds {unknown}
 m - a potion of curing {unknown}
Comestibles
 c - 7 rations


   Skills:
 - Level 1.5 Dodging
 - Level 2.1 Stealth
 + Level 2.9 Spellcasting
 + Level 2.7 Conjurations
 + Level 3.8 Fire Magic


You had 2 spell levels left.
You knew the following spells:

 Your Spells              Type           Power        Failure   Level  Hunger
a - Flame Tongue          Conj/Fire      ##...        4%          1    #......
b - Throw Flame           Conj/Fire      ##....       7%          2    ##.....
c - Conjure Flame         Conj/Fire      ##......     14%         3    ###....

Your spell library contained the following spells:

 Spells                   Type           Power        Failure   Level  Hunger
 Fireball                 Conj/Fire      ##........   77%         5    ######.
 Confuse                  Hex            #.......     47%         3    ###....
 Sticky Flame             Conj/Fire      ##......     41%         4    #####..
 Confusing Touch          Hex            #.....       19%         1    #......
 Metabolic Englaciation   Hex/Ice        #.........   99%         5    ######.
 Petrify                  Tmut/Erth      #.......     87%         4    #####..
 Inner Flame              Hex/Fire       #.......     24%         3    ###....
 Gell's Gravitas          Tloc           #.........   47%         3    ###....
 Yara's Violent Unravell  Hex/Tmut       #.........   99%         5    ######.


Dungeon Overview and Level Annotations

Branches:
Dungeon (2/15)

Altars:
Uskayaw

Annotations:
D:2 1 runed door, Terence


Innate Abilities, Weirdness & Mutations

You are resistant to torment.
Your stone body is resilient. (AC +3)
You are immune to poison.
You resist negative energy. (rN+)
You are resistant to electric shocks. (rElec)
You can survive without breathing.
You are immune to petrification.
You are immune to rotting.


Message History

What level of the Dungeon? (default 1, ? - help) Terence is too close now for your liking.
Terence shouts!
Terence asks, "Do you want it fast or slow?"
Terence zaps a wand.
The puff of flame misses you.
All of the chunks of flesh in your inventory have rotted away.
Terence says, "You're history."
Unknown command.
Unknown command.
Unknown command.
Casting: Flame Tongue (safe; 4% risk of failure)
Confirm with . or Enter, or press ? or * to list all spells.
Aiming: Conjure Flame (safe; 14% risk of failure)
Press: ? - help, Dir - move target cursor The fire ignites!
Terence looks scornfully at you.
Casting: Conjure Flame (safe; 14% risk of failure)
Confirm with . or Enter, or press ? or * to list all spells.
Aiming: Flame Tongue (safe; 4% risk of failure)
Press: ? - help, Shift-Dir - straight line, f - Terence
Aim: Terence, wielding a falchion, wearing a scale mail and carrying a wand of flame (14)
The flame tongue hits Terence.
Terence is lightly wounded.
Casting: Flame Tongue (safe; 4% risk of failure)
Confirm with . or Enter, or press ? or * to list all spells.
Aiming: Flame Tongue (safe; 4% risk of failure)
Press: ? - help, Shift-Dir - straight line, f/p - Terence
Aim: Terence, wielding a falchion, wearing a scale mail and carrying a wand of flame (14) (lightly wounded)
The flame tongue hits Terence.
Terence is heavily wounded.
Casting: Flame Tongue (safe; 4% risk of failure)
Confirm with . or Enter, or press ? or * to list all spells.
Aiming: Flame Tongue (safe; 4% risk of failure)
Press: ? - help, Shift-Dir - straight line, f/p - Terence
Aim: Terence, wielding a falchion, wearing a scale mail and carrying a wand of flame (14) (heavily wounded)
The flame tongue hits Terence.
Terence is heavily wounded.
Casting: Flame Tongue (safe; 4% risk of failure)
Confirm with . or Enter, or press ? or * to list all spells.
Aiming: Flame Tongue (safe; 4% risk of failure)
Press: ? - help, Shift-Dir - straight line, f/p - Terence
Aim: Terence, wielding a falchion, wearing a scale mail and carrying a wand of flame (14) (heavily wounded)
The flame tongue hits Terence.
Terence appears unharmed.
Terence is heavily wounded.
Casting: Flame Tongue (safe; 4% risk of failure)
Confirm with . or Enter, or press ? or * to list all spells.
Aiming: Flame Tongue (safe; 4% risk of failure)
Press: ? - help, Shift-Dir - straight line, f/p - Terence
Aim: Terence, wielding a falchion, wearing a scale mail and carrying a wand of flame (14) (heavily wounded)
The flame tongue misses Terence.
Casting: Flame Tongue (safe; 4% risk of failure)
Confirm with . or Enter, or press ? or * to list all spells.
You don't have enough magic to cast that spell.
Casting: Flame Tongue (safe; 4% risk of failure)
Confirm with . or Enter, or press ? or * to list all spells.
You don't have enough magic to cast that spell.
Casting: Flame Tongue (safe; 4% risk of failure)
Confirm with . or Enter, or press ? or * to list all spells.
You don't have enough magic to cast that spell.
Casting: Flame Tongue (safe; 4% risk of failure)
Confirm with . or Enter, or press ? or * to list all spells.
You don't have enough magic to cast that spell.
Casting: Flame Tongue (safe; 4% risk of failure)
Confirm with . or Enter, or press ? or * to list all spells.
You don't have enough magic to cast that spell.
Casting: Flame Tongue (safe; 4% risk of failure)
Confirm with . or Enter, or press ? or * to list all spells.
You don't have enough magic to cast that spell.
Wield which item (- for none, * to show all)? (? for menu, Esc to quit)
Okay, then.
Unknown command.
Casting: Flame Tongue (safe; 4% risk of failure)
Confirm with . or Enter, or press ? or * to list all spells.
Aiming: Flame Tongue (safe; 4% risk of failure)
Press: ? - help, Shift-Dir - straight line, f/p - Terence
Aim: Terence, wielding a falchion, wearing a scale mail and carrying a wand of flame (14) (heavily wounded)
The flame tongue hits Terence.
Terence is severely wounded.
Terence zaps a wand.
The puff of flame misses you.
Terence zaps a wand.
The puff of flame hits you!
Terence zaps a wand.
The puff of flame hits you!
Casting: Flame Tongue (safe; 4% risk of failure)
Confirm with . or Enter, or press ? or * to list all spells.
Aiming: Flame Tongue (safe; 4% risk of failure)
Press: ? - help, Shift-Dir - straight line, f/p - Terence
Aim: Terence, wielding a falchion, wearing a scale mail and carrying a wand of flame (11) (severely wounded)
The flame tongue misses Terence.
Terence zaps a wand.
The puff of flame hits you!
Casting: Flame Tongue (safe; 4% risk of failure)
Confirm with . or Enter, or press ? or * to list all spells.
You don't have enough magic to cast that spell.
Terence zaps a wand.
The puff of flame hits you!
* * * LOW HITPOINT WARNING * * *
Terence zaps a wand.
The puff of flame hits you!
Terence zaps a wand.
The puff of flame misses you.
Terence zaps a wand.
The puff of flame hits you!
* * * LOW HITPOINT WARNING * * *
Terence shouts, "Get ready for death!"
Terence zaps a wand.
The puff of flame hits you!
You die...

#.....#.###.###.# #.# ## ####
#.....#.........# #.# #. ...##
#.....#####....#####.###. ....##
#..)..# ##.....##...##. .....#
#############..........#. .....#
#................... .....#
#.#####.............
.....#########..####............#
................@.....@..........
....###########.####...........##
....## #.# #...#..###.###
.....##########.###.....####.#
.....##.............#...# #..####
.....###..#####.##.####.###..#...
.................................
.......###.####.<..........#...##
....##.###.# #.......((.#.#.###


You could see Terence.

Vanquished Creatures
  4 adders
  An ooze (D:2)
  A worm (D:2)
  A leopard gecko (D:1)
  A giant cockroach (D:1)
  6 goblins
  8 hobgoblins
  2 quokkas (D:2)
  5 bats
  3 frilled lizards
  6 kobolds
  6 rats
  A bush (D:2)
45 creatures vanquished.

Notes
Turn   | Place    | Note
-------+----------+-------------------------------------------
     0 | D:1      | Mgcat the Gargoyle Fire Elementalist began the quest for the Orb.
     0 | D:1      | Reached XP level 1. HP: 10/10 MP: 3/3
   419 | D:1      | Reached XP level 2. HP: 15/15 MP: 0/5
   423 | D:1      | Learned a level 2 spell: Throw Flame
  1069 | D:1      | Reached skill level 2 in Conjurations
  1069 | D:1      | Reached XP level 3. HP: 19/19 MP: 1/6
  1074 | D:1      | Learned a level 3 spell: Conjure Flame
  1327 | D:2      | Noticed Terence
  1576 | D:2      | Found a hide-covered altar of Uskayaw.
  1648 | D:2      | Reached XP level 4. HP: 24/24 MP: 0/8
  2209 | D:2      | Found a runed door.
  2274 | D:2      | HP: 5/24 [Terence/wand of flame (10) (9)]
  2278 | D:2      | HP: 1/24 [Terence/wand of flame (7) (4)]
  2281 | D:2      | Killed from afar by Terence

Vault maps used:
D:1:      matt_arrival_refuge, kennysheep_nondescript
D:2:      eat_drink_and_be_merry_uskayaw, uniq_crazy_yiuf_cottage, uniq_terence

Skill      XL: |  1  2 |
---------------+-------+-----
Conjurations   | 2 |  2.7
Dodging        | |  1.5
Stealth        | |  2.1
Spellcasting   | |  2.9
Fire Magic     | |  3.8

Action                   |  1- 3 |  4- 6 || total
-------------------------+-------+-------++-------
Melee: Spear             |    13 |       ||    13
       Whip              |       |    36 ||    36
 Cast: Flame Tongue      |    47 |    18 ||    65
       Throw Flame       |     9 |    11 ||    20
       Conjure Flame     |     1 |     1 ||     2
  Eat: Chunk             |     3 |     3 ||     6
Armor: Robe              |    18 |     2 ||    20
Dodge: Dodged            |    25 |     5 ||    30

Table legend:
 A = Spawn XP
 B = Non-spawn XP
 C = Spawn XP percentage of total XP
 D = Spawn monster count
 E = Non-spawn monster count
 F = Spawn count percentage of total count
 G = Total turns spent on level
                    A         B        C        D         E        F      G
               +---------+---------+-------+---------+---------+-------+---------
         Total |       0 |     125 |   0.0 |       0 |      44 |   0.0 |  2281
               +---------+---------+-------+---------+---------+-------+---------
           D:1 |       0 |      48 |   0.0 |       0 |      23 |   0.0 |  1365
           D:2 |       0 |      77 |   0.0 |       0 |      21 |   0.0 |   916
               +---------+---------+-------+---------+---------+-------+---------

Vault maps used:
D:1:      matt_arrival_refuge, kennysheep_nondescript
D:2:      eat_drink_and_be_merry_uskayaw, uniq_crazy_yiuf_cottage, uniq_terence

Table legend:
 A = Turns spent in this place as a percentage of turns spent in the entire game.
 B = Non-inter-level travel turns spent in this place as a percentage of non-inter-level travel turns spent in the entire game.
 C = Inter-level travel turns spent in this place as a percentage of turns spent in this place.
 D = Turns resting spent in this place as a percentage of non-inter-level travel turns spent in this place.
 E = Turns spent auto-exploring this place as a percentage of non-inter-level travel turns spent in this place.
 F = Non-inter-level travel turns spent in this place divided by the number of levels of this place that you've seen.
                   A       B       C       D       E      F
               +-------+-------+-------+-------+-------+----------------------
         Total | 100.0 | 100.0 |   3.7 |   6.0 |  77.3 | 1098.5
       Dungeon | 100.0 | 100.0 |   3.7 |   6.0 |  77.3 | 1098.5
               +-------+-------+-------+-------+-------+----------------------

Table legend:
 A = Kills in this place as a percentage of kills in entire the game.
 B = Kills by you in this place as a percentage of kills by you in the entire game.
 C = Kills by friends in this place as a percentage of kills by friends in the entire game.
 D = Other kills in this place as a percentage of other kills in the entire game.
 E = Experience gained in this place as a percentage of experience gained in the entire game.
 F = Experience gained in this place divided by the number of levels of this place that you have seen.
                   A       B       C       D       E      F
               +-------+-------+-------+-------+-------+----------------------
         Total | 100.0 | 100.0 |   N/A |   N/A | 100.0 |  62.5
       Dungeon | 100.0 | 100.0 |   N/A |   N/A | 100.0 |  62.5
               +-------+-------+-------+-------+-------+----------------------
